AoeStats
← iL | DotOre_

Arabia

510655108Analyzed
1v1 RM · 2d ago on Oct 2, 2026· 39m 25s· 2 players
Game mode
Random Map
Map size
Tiny (2 player)
Population
200
Speed
Normal
Resources
Standard
Victory
Conquest
Starting age
Dark Age
Ending age
Imperial Age
RankedLock teamsTeams togetherTeam positionsShared explorationLock speedFull tech treeHidden civsTurbo modeCheats
Victory
Defeat
🇨🇱 Persians · Chile
1101
+16
🇹🇷 Khmer · Türkiye
1091
-16
demirler_07
0:27 Loom
12:02 Feudal Age
12:56 Double-Bit Axe
19:02 Castle Age
17:49 Fletching
17:56 Gold Mining
19:00 Padded Archer Armor
20:08 Wheelbarrow
20:04 Bow Saw
21:53 Horse Collar
21:49 Crossbowman
24:02 Pikeman
27:20 Stone Mining
28:57 Bodkin Arrow
29:20 Leather Archer Armor
29:47 Scale Mail Armor
33:04 Imperial Age
30:58 Hand Cart
32:02 Chain Mail Armor
31:57 Forging
33:00 Heavy Plow
33:10 Halberdier
34:33 Iron Casting
33:36 Arbalester
iL | DotOre_
5:34 Loom
8:25 Feudal Age
8:57 Double-Bit Axe
9:00 Horse Collar
18:58 Castle Age
17:41 Gold Mining
18:10 Forging
18:26 Bloodlines
19:36 Bow Saw
19:30 Heavy Plow
20:37 Scale Barding Armor
22:33 Iron Casting
23:50 Husbandry
25:32 Chain Barding Armor
27:31 Gold Shaft Mining
28:21 Wheelbarrow
34:15 Imperial Age
33:54 Cavalier
35:10 Plate Barding Armor
36:29 Stone Mining
36:10 Savar
38:03 Blast Furnace
36:54 Fletching
Connection lost

Rejoining the realm…

Still unreachable

The connection could not be restored.

Session expired

The server has moved on; the page needs a fresh start.